 Dungeon Crawl Stone Soup version 0.15.1 (webtiles) character file.

163 LordSUSHI the Slasher (level 5, 0/41 HPs)
             Began as a Demonspawn Berserker on Sept 17, 2014.
             Was a Believer of Trog.
             Killed from afar by an orc wizard (9 damage)
             ... with a puff of frost
             ... on Level 3 of the Dungeon.
             The game lasted 00:25:21 (3105 turns).

LordSUSHI the Slasher (Demonspawn Berserker)        Turns: 3105, Time: 00:25:22

HP   0/41        AC  2     Str 17      XL: 5   Next: 20%
MP   5/5         EV 13     Int  9      God: Trog [**....]
Gold 152         SH  0     Dex 15      Spells:  0 memorised,  4 levels left

rFire  . . .     SeeInvis .     a - +0 falchion
rCold  . . .     Clarity  .     b - +0 animal skin
rNeg   . . .     rCorr    .     (no shield)
rPois  .         rRot     .     (no helmet)
rElec  .         Spirit   .     (no cloak)
SustAb .         Warding  .     (no gloves)
rMut   .         Stasis   .     (no boots)
Gourm  .                        (no amulet)
MR     .....                    (no ring)
                                (no ring)

@: exhausted, about to teleport, slowed, very slow, not resistant to hostile
enchantments, unstealthy
A: talons 1, thin skeletal structure 1
a: Burn Spellbooks, Berserk, Trog's Hand, Renounce Religion


You were on level 3 of the Dungeon.
You worshipped Trog.
Trog was pleased with you.
You were not hungry.

You visited 1 branch of the dungeon, and saw 3 of its levels.

You collected 152 gold pieces.

Inventory:

Hand weapons
 a - a +0 falchion (weapon)
Missiles
 f - 38 stones (quivered)
Armour
 b - a +0 animal skin (worn)
Comestibles
 c - 3 bread rations
 i - 4 fruits
Scrolls
 d - a scroll of recharging {unknown}
 k - a scroll of blinking {unknown}
 l - 3 scrolls of remove curse
 p - a scroll of magic mapping {unknown}
Potions
 g - 3 potions of curing
 h - a potion of haste {unknown}
 m - a potion of restore abilities {unknown}
 o - a potion of brilliance {unknown}


   Skills:
 - Level 3.2 Fighting
 * Level 4.1 Long Blades
 + Level 2.4 Throwing
 - Level 1.7 Armour
 - Level 2.3 Dodging


You had 4 spell levels left.
You didn't know any spells.

Dungeon Overview and Level Annotations

Branches:
Dungeon (3/15)

Altars:


Innate Abilities, Weirdness & Mutations

You have sharp toenails.
You have a somewhat thin skeletal structure (Dex +2, Stealth).


Message History

The orc wizard closely misses you. The orc wizard completely misses you.
The orc wizard hits you with a dagger.
* * * LOW HITPOINT WARNING * * *
As you read the scroll of teleportation, it crumbles to dust.
You feel strangely unstable. The orc wizard hits you with a dagger.
* * * LOW HITPOINT WARNING * * *
The orc wizard barely misses you.
The orc priest calls upon Beogh to heal the orc wizard.
The orc wizard is healed somewhat.
You hit the orc wizard but do no damage.
You claw the orc wizard.
The orc wizard is lightly wounded.
The orc wizard is no longer moving quickly.
The orc wizard completely misses you.
The orc wizard hits you but does no damage.
You barely miss the orc wizard. Your kick misses the orc wizard.
The orc wizard is lightly wounded.
The orc wizard points at you and mumbles some strange words.
The puff of frost hits you!
You die...

#..#..##%##.#..##.#
#.#.............#.
.#..##.#..##.....
#?...##.#...(......
#.............#...
.##.#.##..#..#
#.<.....#..#.##
###.##.........
#@##.##.##### .
####o##.# .#
...##..oo...# #
...(....)##.#
.........##.#
.........##(#
...##.###.?.....# .
#. ...###. ##
#....#


You could see an orc priest, an orc wizard and an orc.

Vanquished Creatures
  An orc wizard (D:3)
  3 adders
  4 gnolls (D:3)
  A giant mite (D:2)
  A worm (D:2)
  A giant gecko (D:2)
  2 oozes (D:3)
  An orc (D:3)
  4 giant cockroaches
  3 hobgoblins
  7 jackals
  A quokka (D:2)
  4 bats
  A giant newt (D:1)
  11 goblins
  6 kobolds
  8 rats
59 creatures vanquished.

Notes
Turn   | Place    | Note
--------------------------------------------------------------
     0 | D:1      | LordSUSHI, the Demonspawn Berserker, began the quest for the Orb.
     0 | D:1      | Reached XP level 1. HP: 18/18 MP: 1/1
   335 | D:1      | Gained mutation: You have a somewhat thin skeletal structure (Dex +2, Stealth). [demonic ancestry]
   335 | D:1      | Reached XP level 2. HP: 20/24 MP: 2/2
  1391 | D:2      | Reached XP level 3. HP: 29/29 MP: 3/3
  1533 | D:2      | Reached skill level 1 in Throwing
  2351 | D:2      | Acquired Trog's second power
  2351 | D:2      | Reached XP level 4. HP: 32/35 MP: 4/4
  2795 | D:3      | HP: 1/52 [gnoll/spear (6)]
  2796 | D:3      | Reached skill level 4 in Long Blades
  3082 | D:3      | Gained mutation: You have sharp toenails. [demonic ancestry]
  3082 | D:3      | Reached XP level 5. HP: 41/41 MP: 5/5
  3105 | D:3      | Killed from afar by an orc wizard

Action                   |  1- 3 |  4- 6 || total
-------------------------+-------+-------++-------
Melee: Falchion          |   124 |    53 ||   177
Throw: Stone             |    79 |    23 ||   102
Invok: Berserk           |     6 |     3 ||     9
  Use: Potion            |     1 |       ||     1
       Scroll            |       |     3 ||     3
 Stab: Sleeping          |     1 |       ||     1
  Eat: Chunk             |     3 |     1 ||     4
       Fruit             |     2 |     2 ||     4
       Bread ration      |     1 |     1 ||     2
